Map: King's Cove LE

Players

naex

  • Race: Terran Terran
  • Spawn Location: 11:00

Woah - Winner!

  • Race: Terran Terran
  • Spawn Location: 5:00

VOD

Have the link to the VOD?

Description

Time

  • Played on: June 12, 2019, 4:11 a.m.
  • Length: 9:41
Show
View Real Time Build Order
Export as new Build Order

naex Terran 

Build Orders:  

Get SALT Encoding   

  12  0:00  SCV  
  13  0:13  SCV  
  14  0:19  Supply Depot  
  14  0:25  SCV  
  15  0:40  SCV  
  15  0:41  Barracks  
  16  0:47  Refinery  
  16  0:52  SCV  
  17  1:05  SCV  
  18  1:20  Barracks  
  18  1:31  Reaper, Supply Depot  
  19  1:37  Orbital Command  
  19  2:03  Reaper  
  19  2:08  SCV  
  21  2:09  Barracks Tech Lab  
  21  2:20  SCV  
  22  2:28  Reaper  
  23  2:38  SCV  
  23  2:42  Concussive Shells, Refinery  
  24  2:50  SCV  
  25  2:54  Reaper  
  25  3:03  SCV  
  25  3:06  Marauder  
  27  3:15  SCV  
  27  3:18  Command Center  
  28  3:26  Barracks  
  28  3:29  Marauder  
  29  3:40  Marine  
  30  3:46  Supply Depot  
  30  4:00  Factory  
  30  4:02  SCV  
  31  4:08  Marauder  
  33  4:10  Marine  
  34  4:17  Marine  
  34  4:21  Stimpack  
  35  4:56  SCV  
  36  5:01  Barracks Tech Lab  
  36  5:08  SCV  
  36  5:09  Starport  
  37  5:14  Marine x2  
  37  5:20  SCV, Factory Reactor  
  39  5:32  Marine x2  
  39  5:45  Marine  
  39  5:49  Medivac  
  42  5:50  Marine x2  
  42  5:52  Orbital Command  
  44  6:00  SCV  
  44  6:02  Marine  
  46  6:08  Marine x2  
  46  6:09  Supply Depot  
  48  6:11  Supply Depot  
  48  6:12  SCV, Supply Depot  
  48  6:14  Engineering Bay  
  48  6:17  Engineering Bay  
  49  6:20  Marine  
  49  6:24  SCV  
  51  6:25  Marine  
  51  6:26  Marauder  
  54  6:33  SCV  
  54  6:36  SCV  
  54  6:39  Marauder  
  58  6:41  Terran Infantry Weapons Level 1  
  58  6:43  Marine, Supply Depot  
  58  6:45  SCV, Medivac x2  
  64  6:48  SCV  
  64  6:53  Factory Tech Lab  
  65  7:02  Marine x3  
  65  7:06  Supply Depot  
  68  7:09  Command Center  
  68  7:15  Medivac  
  70  7:20  Marine x3  
  70  7:37  Marine  
  70  7:38  Marine x2  
  73  7:49  SCV x2  
  75  7:54  Widow Mine, Refinery  
  75  7:55  Marine x3, Refinery  
  75  7:57  Medivac  
  82  8:01  SCV x2  
  84  8:08  Supply Depot x2  
  84  8:10  Supply Depot  
  84  8:13  SCV x2, Marine x3  
  89  8:21  SCV  
  89  8:25  SCV  
  89  8:26  SCV  
  89  8:27  Barracks  
  92  8:30  Medivac, Barracks  
  92  8:31  Marine x3  
  92  8:33  SCV  
  98  8:38  SCV x2  
  100  8:45  SCV  
  101  8:49  Marine x3  
  101  8:50  SCV x2  
  106  8:58  Refinery  
  106  8:59  Orbital Command  
  106  9:02  SCV  
  107  9:06  Marine  
  107  9:07  Marine  
  109  9:12  SCV  
  109  9:14  SCV  
  114  9:17  Marine x3  
  116  9:25  SCV  
  116  9:26  SCV  
Show
View Real Time Build Order
Export as new Build Order

Woah Terran - Winner!

Build Orders:  

Get SALT Encoding   

  12  0:01  SCV  
  13  0:13  SCV  
  14  0:19  Supply Depot  
  14  0:25  SCV  
  15  0:30  Refinery  
  15  0:40  SCV  
  16  0:47  Barracks  
  16  0:54  SCV  
  17  1:06  SCV  
  17  1:07  Refinery  
  18  1:18  SCV  
  19  1:34  Reaper, Orbital Command  
  20  1:42  Factory  
  20  1:53  Supply Depot  
  20  2:04  SCV  
  20  2:06  Reaper  
  22  2:16  SCV  
  23  2:28  SCV  
  24  2:31  Starport  
  24  2:32  Hellion  
  26  2:39  Reaper  
  26  2:40  SCV  
  28  2:53  SCV  
  28  2:56  Hellion  
  31  3:09  Command Center  
  31  3:17  Factory Tech Lab  
  31  3:18  Barracks Reactor  
  31  3:25  Supply Depot  
  31  3:43  Barracks  
  31  3:45  Barracks  
  31  3:46  SCV  
  31  3:47  Starport Reactor  
  32  4:06  SCV  
  32  4:09  Liberator  
  33  4:10  Factory Tech Lab, Stimpack, Barracks  
  32  4:25  SCV  
  36  4:42  Marine  
  36  4:43  Barracks Tech Lab  
  36  4:44  Barracks Reactor  
  36  4:50  Orbital Command  
  37  4:52  SCV  
  37  4:59  Marine  
  37  5:01  Siege Tank  
  39  5:43  SCV  
  39  5:44  SCV  
  39  5:47  Marine x2  
  39  5:48  Marine x5  
  48  5:51  Supply Depot  
  48  5:52  Engineering Bay  
  48  5:54  Supply Depot  
  48  5:55  SCV  
  48  5:56  SCV  
  50  5:58  Siege Tank  
  53  6:08  SCV  
  54  6:13  Marine  
  54  6:15  SCV  
  56  6:20  SCV  
  56  6:21  Missile Turret  
  56  6:24  Missile Turret  
  57  6:26  Marine x2  
  57  6:27  SCV, Marine  
  61  6:34  Siege Tank  
  61  6:39  SCV x2  
  66  6:40  Marine x3  
  66  6:42  Terran Infantry Weapons Level 1  
  69  6:47  Supply Depot  
  69  6:50  Supply Depot  
  69  7:13  Viking x2  
  69  7:14  Marine x6  
  79  7:16  SCV x2  
  75  7:31  Marine  
  75  7:32  Marine x3  
  79  7:46  SCV x2  
  81  7:55  Medivac, Command Center  
  81  7:58  SCV x2  
  85  8:10  SCV  
  86  8:17  SCV, Medivac  
  89  8:20  Barracks Reactor  
  89  8:22  SCV  
  89  8:26  Barracks  
  89  8:27  Barracks  
  90  8:29  SCV  
  90  8:34  Viking, SCV  
  94  8:43  Armory  
  94  8:45  Factory Tech Lab  
  94  8:46  Marine  
  94  8:48  Marine  
  95  8:49  Engineering Bay  
  95  8:53  Marine  
  95  8:54  Marine  
  94  9:03  Refinery x2  
  94  9:04  Marine  
  95  9:15  Orbital Command, Barracks  
  95  9:16  SCV  
  96  9:20  SCV  
  97  9:28  SCV  
Tags
 
Matchup
TvT
Race
Terran
Replay Pack
r1
Spawn Locations
Cross Positions
Add a new tag
Caveats
  • Supply blocks, unpowered buildings, or Contaminate may cause inaccurate times.
  • Supply counts are checked every 10 seconds.